Map: [ESL] Post-Youth

Players

Lambo - Winner!

  • Race: Zerg Zerg
  • Spawn Location: 7:00

PtitDrogo

  • Race: Protoss Protoss
  • Spawn Location: 1:00

Event: ESL SC2 Masters 2024 Spring (Regional)

VOD

Have the link to the VOD?

Description

Time

  • Played on: April 11, 2024, 11:34 a.m.
  • Length: 9:00

All games in this series

Show
View Real Time Build Order
Export as new Build Order

Lambo Zerg - Winner!

Build Orders: Hatch First, Swarm Host 

Get SALT Encoding   

  12  0:00  Drone  
  13  0:12  Overlord  
  13  0:17  Drone  
  14  0:30  Drone x2  
  16  0:49  Hatchery  
  15  0:52  Drone  
  15  0:55  Drone  
  17  0:59  Drone  
  18  1:09  Extractor  
  17  1:15  Spawning Pool  
  17  1:18  Drone  
  17  1:21  Drone  
  18  1:28  Drone  
  19  1:38  Drone  
  20  1:49  Drone  
  21  2:01  Queen x2  
  21  2:03  Zergling x2  
  21  2:04  Overlord  
  26  2:09  Metabolic Boost  
  26  2:12  Drone  
  26  2:14  Zergling x2  
  30  2:22  Drone x2  
  30  2:33  Hatchery  
  29  2:37  Drone  
  29  2:38  Drone  
  29  2:43  Queen  
  33  2:49  Overlord  
  33  2:51  Drone  
  33  2:53  Drone  
  33  2:58  Drone  
  36  3:05  Overlord  
  36  3:06  Queen  
  36  3:08  Drone  
  36  3:10  Drone x2  
  41  3:14  Overlord  
  41  3:16  Drone  
  42  3:20  Drone x2  
  42  3:24  Queen  
  46  3:28  Drone x2  
  46  3:33  Drone  
  49  3:37  Spore Crawler  
  48  3:41  Overlord  
  48  3:42  Drone x3  
  48  3:43  Drone  
  48  3:45  Drone  
  52  3:49  Queen  
  52  3:52  Spore Crawler  
  52  3:55  Zergling x4  
  55  3:57  Drone  
  55  4:00  Drone x2  
  55  4:02  Drone  
  59  4:04  Drone  
  59  4:05  Drone  
  59  4:07  Overlord  
  61  4:13  Drone  
  61  4:16  Drone  
  63  4:18  Queen  
  63  4:22  Drone  
  66  4:30  Lair  
  66  4:32  Roach Warren, Extractor, Drone x6  
  66  4:34  Drone x2  
  66  4:36  Drone x2  
  74  4:41  Overlord  
  74  4:42  Overlord, Extractor  
  73  4:49  Hatchery  
  73  4:52  Spore Crawler  
  70  4:54  Overlord  
  70  4:55  Zergling x4  
  70  4:57  Overlord  
  70  4:58  Drone  
  73  5:01  Evolution Chamber  
  73  5:02  Drone x6  
  73  5:04  Evolution Chamber  
  73  5:05  Drone x3  
  83  5:08  Drone  
  84  5:14  Extractor  
  84  5:15  Extractor, Hatchery  
  84  5:16  Extractor  
  84  5:17  Drone x3  
  84  5:18  Drone  
  84  5:20  Drone  
  85  5:23  Overlord  
  85  5:24  Overlord  
  85  5:27  Overlord  
  85  5:29  Glial Reconstitution  
  85  5:34  Infestation Pit, Overlord  
  84  5:40  Roach x5  
  93  5:51  Drone x3  
  93  5:53  Overseer  
  94  5:58  Drone  
  94  5:59  Drone  
  94  6:00  Drone  
  94  6:04  Roach x2  
  101  6:05  Extractor  
  101  6:10  Swarm Host x5  
  115  6:18  Swarm Host x3  
  118  6:19  Overlord  
  118  6:25  Overlord  
  124  6:26  Swarm Host x2  
  124  6:28  Overlord  
  124  6:32  Spore Crawler  
  129  6:35  Swarm Host x2  
  129  6:37  Roach  
  136  6:43  Roach x4  
  150  6:47  Roach x3  
  150  6:50  Roach x3, Spore Crawler  
  155  6:56  Roach x4  
  155  6:58  Roach x2  
  167  7:01  Overlord  
  167  7:04  Spine Crawler  
  167  7:05  Spine Crawler  
  167  7:07  Overlord  
  167  7:08  Overlord  
  165  7:12  Roach  
  167  7:15  Overlord  
  167  7:16  Overlord  
  167  7:24  Overlord  
  167  7:26  Roach x8  
  167  7:28  Overlord  
  183  7:36  Roach x4  
  187  7:38  Overlord  
  187  7:41  Hive  
  187  7:42  Drone x2  
  188  7:52  Roach x5, Ravager  
  199  8:02  Hydralisk Den, Ravager  
  199  8:05  Evolution Chamber  
  198  8:06  Evolution Chamber  
  197  8:13  Roach x3  
  197  8:16  Roach x2  
  192  8:26  Ravager x2  
  194  8:27  Ravager  
  194  8:30  Roach x2  
  194  8:33  Roach x2  
  195  8:38  Roach x3  
  195  8:40  Roach  
  195  8:41  Roach x3  
  199  8:46  Ravager  
Show
View Real Time Build Order
Export as new Build Order

PtitDrogo Protoss 

Build Orders: 1 Gate Expand, Oracle Opening, Zealot Archon 

Get SALT Encoding   

  12  0:00  Probe  
  13  0:12  Probe  
  14  0:17  Pylon  
  14  0:24  Probe (Chrono Boost)  
  15  0:32  Assimilator  
  15  0:36  Probe (Chrono Boost)  
  16  0:44  Gateway  
  16  0:46  Probe (Chrono Boost)  
  17  0:53  Probe  
  18  1:05  Probe  
  19  1:17  Probe  
  20  1:24  Nexus  
  20  1:35  Cybernetics Core  
  20  1:38  Probe  
  21  1:43  Assimilator  
  21  1:50  Probe  
  21  1:53  Pylon  
  22  2:02  Probe  
  23  2:08  Stalker (Chrono Boost)  
  23  2:14  Probe  
  26  2:21  Stargate  
  26  2:26  Warp Gate  
  27  2:30  Probe  
  27  2:31  Adept  
  29  2:38  Probe  
  31  2:46  Probe (Chrono Boost)  
  31  2:50  Probe (Chrono Boost)  
  33  3:00  Probe x2 (Chrono Boost)  
  33  3:01  Oracle (Chrono Boost)  
  33  3:05  Probe (Chrono Boost)  
  37  3:08  Probe  
  37  3:11  Pylon  
  39  3:17  Probe  
  40  3:20  Probe  
  41  3:28  Oracle (Chrono Boost)  
  41  3:29  Probe  
  41  3:32  Probe  
  46  3:41  Probe  
  47  3:46  Probe  
  47  3:53  Probe  
  48  3:58  Oracle, Probe  
  48  4:00  Pylon, Nexus  
  52  4:07  Probe  
  53  4:10  Probe  
  53  4:11  Assimilator  
  53  4:13  Pylon, Assimilator  
  53  4:15  Twilight Council  
  54  4:18  Forge  
  54  4:22  Probe (Chrono Boost)  
  54  4:23  Probe (Chrono Boost)  
  56  4:34  Probe (Chrono Boost)  
  56  4:35  Probe (Chrono Boost)  
  56  4:36  Adept  
  60  4:42  Probe x2 (Chrono Boost)  
  60  4:43  Robotics Facility  
  62  4:46  Shield Battery  
  62  4:48  Probe  
  62  4:49  Probe  
  64  4:53  Pylon, Charge  
  64  4:58  Protoss Ground Weapons Level 1  
  64  5:00  Probe  
  64  5:01  Probe  
  68  5:15  Probe (Chrono Boost)  
  68  5:16  Gateway  
  68  5:17  Probe (Chrono Boost)  
  68  5:18  Gateway  
  68  5:19  Probe (Chrono Boost)  
  68  5:20  Gateway  
  69  5:22  Gateway  
  69  5:24  Probe (Chrono Boost)  
  69  5:27  Probe (Chrono Boost)  
  69  5:28  Probe (Chrono Boost)  
  72  5:29  Observer (Chrono Boost), Probe (Chrono Boost)  
  74  5:36  Assimilator, Probe  
  74  5:38  Assimilator, Probe  
  74  5:41  Probe  
  77  5:47  Zealot  
  77  5:48  Probe  
  79  5:50  Probe  
  79  5:53  Probe  
  81  5:59  Warp Prism (Chrono Boost)  
  81  6:01  Probe  
  81  6:02  Probe  
  81  6:03  Templar Archives  
  85  6:05  Probe  
  85  6:09  Gateway  
  85  6:10  Zealot x2, Gateway  
  90  6:13  Photon Cannon, Probe  
  90  6:14  Probe  
  90  6:16  Pylon  
  90  6:17  Probe  
  93  6:22  Pylon  
  92  6:33  Immortal (Chrono Boost), Nexus  
  92  6:35  Pylon  
  96  6:41  High Templar x4, Psionic Storm  
  96  6:43  Shield Battery  
  96  6:45  Photon Cannon  
  104  6:49  Pylon  
  104  6:55  Probe x2  
  104  6:56  Probe  
  107  7:06  High Templar x2  
  107  7:08  Immortal (Chrono Boost)  
  113  7:11  Archon  
  113  7:13  Pylon, Zealot x4  
  121  7:20  Pylon, Probe  
  117  7:36  Pylon  
  111  7:37  Pylon  
  111  7:40  Pylon  
  111  7:44  Pylon, Immortal (Chrono Boost)  
  111  7:48  High Templar x2  
  111  7:49  High Templar x2  
  123  7:51  Zealot, Pylon  
  123  7:55  Archon x2  
  123  7:57  Pylon  
  124  8:01  Probe  
  108  8:22  Observer (Chrono Boost), High Templar x2  
  108  8:23  Zealot x3, High Templar  
  121  8:30  Archon  
  121  8:31  Archon  
  105  8:44  Stalker x3  
  102  8:50  Gateway  
  102  8:52  Gateway  
  102  8:55  Zealot x3  
  100  8:56  Gateway  
  100  8:57  Gateway  
Tags
 
Add a new tag
Caveats
  • Supply blocks, unpowered buildings, or Contaminate may cause inaccurate times.
  • Supply counts are checked every 10 seconds.